 Seeded DCSS version 0.29-a0-559-g359e09b9d1 (webtiles) character file.

Game seed: 13571357097206540364 (custom seed)

69 zeratav the Shooter (level 4, 0/26 HPs)
             Began as a Tengu Hunter on June 10, 2022.
             Slain by a gnoll
             ... wielding a +0 halberd
              (13 damage)
             ... on level 2 of the Dungeon.
             The game lasted 00:01:49 (592 turns).

zeratav the Shooter (Tengu Hunter)                   Turns: 592, Time: 00:01:49

Health: 0/26       AC:  3    Str: 11    XL:     4   Next: 20%
Magic:  5/5        EV: 12    Int: 10    God:
Gold:   57         SH:  0    Dex: 19    Spells: 3/3 levels left

rFire   . . .      SeeInvis .   f - +6 longbow (flame) {bow}
rCold   . . .      Faith    .   (shield currently unavailable)
rNeg    . . .      Spirit   .   b - +0 leather armour
rPois   .          Reflect  .   (helmet restricted)
rElec   .          Harm     .   (no cloak)
rCorr   .          Rampage  .   (no gloves)
Will    .....                   (boots unavailable)
Stlth   ++........              (no amulet)
HPRegen 0.08/turn               (no ring)
MPRegen 0.09/turn               (no ring)

@: no status effects
A: beak, talons 3
a: no special abilities


You were on level 2 of the Dungeon.
You visited 1 branch of the dungeon, and saw 2 of its levels.

You collected 57 gold pieces.


Innate Abilities, Weirdness & Mutations

You have a beak for a mouth.
You have claws for feet.


   Skills:
 - Level 2.0 Fighting
 + Level 6.2 Bows
 - Level 2.1 Dodging
 - Level 1.0 Stealth


You had 3 spell levels left.
You didn't know any spells.
Your spell library was empty.

Inventory:

Hand Weapons
 a - a +1 shortbow {bow}
 f - a +6 longbow of flaming (weapon) {bow}
   (You acquired it on level 1 of the Dungeon)
Armour
 b - a +0 leather armour (worn)
 g - a +0 scale mail
   (You found it on level 1 of the Dungeon)
 h - a +0 robe
   (You found it on level 1 of the Dungeon)
 j - a +0 ring mail
   (You found it on level 1 of the Dungeon)
 l - a +0 robe
   (You found it on level 1 of the Dungeon)
Scrolls
 c - a scroll of immolation {!r!r}
 d - a scroll of poison {unknown}
 m - a scroll of torment {unknown}
 o - a scroll of identify {unknown}
Potions
 e - a potion of attraction {unknown}
 i - a potion of heal wounds {unknown}
 k - 2 potions of lignification {unknown}
 n - a potion of curing {unknown}

Dungeon Overview and Level Annotations

Branches:
Dungeon (2/15)

Altars:

#.###.#...####.# #.#
#.#...## #.# ..#
#.#....# #.# ###
#......###.# #
###........# ##
####.##### ## .##
##.##.## .. .
..####......######.#....
..'.............@).†....
..####......######g#....
.## ##.##.## .. . ##
####.# .# # #.# # #.#
#.#


You could see a gnoll.


Message History

You open the door.
There is an open door here.
A ball python comes into view.
The ball python hisses angrily.
A ball python is nearby!
You shoot an arrow.
The arrow closely misses the ball python.
The ball python bites you but does no damage.
The ball python grabs you. The ball python constricts you.
HP[-1]
You take 1 damage, and now have 20/21 hp.
You shoot an arrow. The arrow hits the ball python!
The arrow burns the ball python.
You kill the ball python!
HP[+1]
Your hp is fully restored (21).
You now have 57 gold pieces (gained 11).
o - a scroll labelled CUASSI DIMN You open the door.
There is an open door here.
You open the door.
There is an open door here.
A frilled lizard comes into view.
You shoot an arrow. The arrow hits the frilled lizard!
The arrow burns the frilled lizard.
You kill the frilled lizard!
No target in view!
A bat comes into view.
You shoot an arrow. The arrow hits the bat!
The arrow burns the bat.
You kill the bat!
No target in view! 2 gnolls come into view.
There are monsters nearby!
There are monsters nearby!
You shoot an arrow. The arrow hits the gnoll.
The arrow burns the gnoll.
The gnoll shouts!
You hear a shout! x2
You shoot an arrow. The arrow hits the gnoll!
The arrow burns the gnoll.
You kill the gnoll!
A giant cockroach comes into view.
You shoot an arrow. The arrow hits the gnoll!
The arrow burns the gnoll.
You hear a shout!
A gnoll comes into view. It is wielding a +0 halberd.
The gnoll hits you with a +0 whip.
You hear a shout!
HP[-2]
You take 2 damage, and now have 19/21 hp.
You shoot an arrow. The arrow hits the gnoll.
The arrow burns the gnoll.
You kill the gnoll!
The gnoll misses you.
Your Bows skill increases to level 6!
You have reached level 4!
You feel clever.
HP[+5] MP[+1]
You now have 26 max hp (+5).
You regained 5 hp, and now have 24/26 hp.
Your mp is fully restored (5).
You shoot an arrow. The arrow barely misses the gnoll.
The gnoll completely misses you. The gnoll barely misses you.
You shoot an arrow. The arrow hits the gnoll.
The arrow burns the gnoll.
The giant cockroach closely misses you. The gnoll closely misses you.
You shoot an arrow. The arrow hits the giant cockroach.
The arrow burns the giant cockroach.
You kill the giant cockroach!
The gnoll barely misses you. The gnoll misses you.
A gnoll comes into view. It is wielding a +0 club.
You shoot an arrow. The arrow hits the gnoll.
The arrow burns the gnoll.
You shoot an arrow. The arrow hits the gnoll.
The arrow burns the gnoll.
A hobgoblin comes into view.
You shoot an arrow. The arrow hits the gnoll.
The arrow burns the gnoll.
The gnoll barely misses you.
HP[+1]
You shoot an arrow. The arrow hits the gnoll!
The arrow burns the gnoll.
You kill the gnoll!
The gnoll closely misses you. The hobgoblin closely misses you.
The gnoll closely misses you.
You shoot an arrow. The arrow closely misses the hobgoblin.
The gnoll closely misses you. The hobgoblin completely misses you.
You shoot an arrow. The arrow hits the hobgoblin.
The arrow burns the hobgoblin.
The gnoll hits you from afar with a +0 halberd!
The hobgoblin hits you.
* * * LOW HITPOINT WARNING * * *
The gnoll misses you.
The hobgoblin hits you but does no damage.
HP[-12]
You take 12 damage, and now have 13/26 hp.
MASSIVE DAMAGE!! (PAUSE)
You are too injured to fight recklessly!
You are too injured to fight recklessly!
You are too injured to fight recklessly!
Shoot: f) +6 longbow (flame) {bow}
Press: ? - help, Q - select action Shift-Dir - straight line, f/p - hobgoblin
Aim: a hobgoblin (severely wounded, 69% to hit)
You shoot an arrow. The arrow hits the hobgoblin!!
The arrow burns the hobgoblin.
You kill the hobgoblin!
The gnoll closely misses you.
The gnoll hits you from afar with a +0 halberd!
Ouch! That really hurt!
You die...

Skill      XL: |  1  2  3 |
---------------+----------+-----
Bows           | 5 6 |  6.2
Fighting       | |  2.0
Dodging        | |  2.1
Stealth        | |  1.0

Action                   |  1- 3 |  4- 6 || total
-------------------------+-------+-------++-------
 Fire: Longbow           |    41 |    10 ||    51
       Shortbow          |     4 |       ||     4
  Use: Scroll            |     1 |       ||     1
Armor: Leather armour    |     3 |     1 ||     4
Dodge: Dodged            |     5 |    14 ||    19

Levels and vault maps discovered:
D:1:      lightli_iron_boxes, layout_rooms
D:2:      layout_loops_corners, ebering_ecumenical_altar_ruins

Notes
Turn   | Place    | Note
-------+----------+-------------------------------------------
     0 | D:1      | zeratav the Tengu Hunter began the quest for the Orb.
     0 | D:1      | Reached XP level 1. HP: 12/12 MP: 2/2
     0 | D:1      | magus.rc [v1.9.6]
    37 | D:1      | Identified a scroll of acquirement
    37 | D:1      | Acquired a +6 longbow of flaming
    93 | D:1      | Reached XP level 2. HP: 17/17 MP: 3/3
   126 | D:1      | Reached skill level 5 in Bows
   209 | D:1      | Reached XP level 3. HP: 21/21 MP: 4/4
   583 | D:2      | Reached skill level 6 in Bows
   583 | D:2      | Reached XP level 4. HP: 24/26 MP: 5/5
   592 | D:2      | Slain by a gnoll

Vanquished Creatures
  3 gnolls (D:2)
  2 dart slugs (D:1)
  2 ball pythons
  2 endoplasms (D:1)
  2 giant cockroaches
  2 goblins (D:1)
  3 hobgoblins
  2 quokkas (D:1)
  A bat (D:2)
  5 frilled lizards
  8 kobolds
  5 rats (D:1)
37 creatures vanquished.

Table legend:
 A = Non-vault XP
 B = Vault XP
 C = Vault XP percentage of total XP
 D = Non-vault monster count
 E = Vault monster count
 F = Vault count percentage of total count
                 A         B        C        D         E       F
            +---------+---------+-------+---------+---------+-------
      Total |     101 |       0 |   0.0 |      37 |       0 |   0.0
            +---------+---------+-------+---------+---------+-------
        D:1 |      48 |       0 |   0.0 |      28 |       0 |   0.0
        D:2 |      53 |       0 |   0.0 |       9 |       0 |   0.0
            +---------+---------+-------+---------+---------+-------

Illustrated notes

Table legend:
 A = Kills in this place as a percentage of kills in entire the game.
 B = Kills by you in this place as a percentage of kills by you in the entire game.
 C = Kills by friends in this place as a percentage of kills by friends in the entire game.
 D = Other kills in this place as a percentage of other kills in the entire game.
 E = Experience gained in this place as a percentage of experience gained in the entire game.
 F = Experience gained in this place divided by the number of levels of this place that you have seen.
                   A       B       C       D       E      F
               +-------+-------+-------+-------+-------+----------------------
         Total | 100.0 | 100.0 |   N/A |   N/A | 100.0 |  50.5
       Dungeon | 100.0 | 100.0 |   N/A |   N/A | 100.0 |  50.5
               +-------+-------+-------+-------+-------+----------------------

Table legend: (Time is in decaauts)
 A = Elapsed time spent in this place.
 B = Non-inter-level travel time spent in this place.
 C = Inter-level travel time spent in this place.
 D = Time resting spent in this place.
 E = Time spent auto-exploring this place.
 F = Levels seen in this place.
 G = Mean time per level.
                   A        B        C        D        E       F      G
               +--------+--------+--------+--------+--------+-----+--------+
         Total |    621 |    603 |     18 |      0 |    473 |   2 |  310.5 |
       Dungeon |    621 |    603 |     18 |      0 |    473 |   2 |  310.5 |
               +--------+--------+--------+--------+--------+-----+--------+

Top non-repeatable levels by time:
     D:1: 399 daAuts
     D:2: 222 daAuts
